AoeStats
← Dantegutsh

Arena

509799250Analyzed
2v2 RM · 5d ago on Sep 28, 2026· 32m 59s· 4 players
Game mode
Random Map
Map size
Medium (4 player)
Population
200
Speed
Normal
Resources
Standard
Victory
Conquest
Starting age
Dark Age
Ending age
Imperial Age
RankedLock teamsTeams togetherTeam positionsShared explorationLock speedFull tech treeHidden civsTurbo modeCheats
Victory
Defeat
🇨🇴 Bohemians · Colombia
1456
+14
🇲🇽 Burgundians · Mexico
1455
+14
🇲🇽 Gurjaras · Mexico
1423
-14
🇺🇸 Turks · United States
1421
-14
canodez
6:07 Double-Bit Axe
10:27 Feudal Age
8:42 Loom
14:54 Castle Age
17:26 Wheelbarrow
18:12 Light Cavalry
19:33 Scale Mail Armor
30:59 Imperial Age
28:40 Husbandry
28:51 Horse Collar
30:12 Fletching
31:58 Masonry
32:02 Scale Barding Armor
andyf.1904
10:16 Feudal Age
10:54 Loom
14:21 Castle Age
12:43 Double-Bit Axe
19:29 Sanctity
21:58 Redemption
26:37 Fervor
34:00 Imperial Age
ElConquistadorCaxcan
11:39 Feudal Age
15:28 Castle Age
16:40 Loom
19:47 Imperial Age
17:20 Double-Bit Axe
29:30 Horse Collar
Dantegutsh
9:13 Feudal Age
13:10 Castle Age
12:13 Double-Bit Axe
14:20 Horse Collar
18:15 Scale Barding Armor
20:40 Husbandry
20:59 Bloodlines
22:08 Forging
23:52 Man-at-Arms
24:49 Long Swordsman
26:13 Loom
Connection lost

Rejoining the realm…

Still unreachable

The connection could not be restored.

Session expired

The server has moved on; the page needs a fresh start.